 Dungeon Crawl Stone Soup version 0.23.0-2-g0fe3ce5905 (webtiles) character file.

Game seed: 7292638503301252528

209764 Chiseanne the Warrior (level 18, -43/151 HPs)
             Began as a Demonspawn Wizard on Feb 6, 2019.
             Was the Champion of Okawaru.
             Killed from afar by a frost giant (55 damage)
             ... with a bolt of cold
             ... on level 1 of the Vaults on Feb 19, 2019.
             The game lasted 01:56:43 (32240 turns).

Chiseanne the Warrior (Demonspawn Wizard)          Turns: 32240, Time: 01:56:44

Health: -43/151    AC: 28    Str: 21    XL:     18   Next: 16%
Magic:  0/35       EV: 25    Int: 21    God:    Okawaru [******]
Gold:   1433       SH:  0    Dex: 17    Spells: 25/35 levels left

rFire    + . .     SeeInvis +   a - +9 quarterstaff (chaos)
rCold    x . .     Gourm    .   (shield currently unavailable)
rNeg     . . .     Faith    .   B - +6 chain mail of Ynant {+Blink rC- Dex+8 SInv}
rPois    .         Spirit   +   A - +0 Maxwell's etheric cage {god gift, RegenMP+ *Contam rElec MP+4}
rElec    +         Reflect  .   u - +2 cloak {+Inv}
rCorr    .         Harm     +   T - +2 pair of gloves {Str+3} {god gift}
MR       ++...                  (boots unavailable)
Stlth    +.........             r - amulet of harm
HPRegen  0.35/turn              H - ring "Ilaaginn" {rElec rF+ MR+ Dex-4} MPRegen 0.98/turn*
                                K - ring "Semybesu" {EV+4 Str+5 Slay+3}

@: marked
A: hooves 3, mutation resistance 1, spiny 2, magic shield, magic regeneration,
magic link, sturdy frame 3
}: 1/15 runes: gossamer
a: Heroism, Finesse, Renounce Religion, Evoke Blink, Evoke Invisibility


You were on level 1 of the Vaults.
You worshipped Okawaru.
Okawaru was exalted by your worship.
You were not hungry.

You visited 7 branches of the dungeon, and saw 30 of its levels.
You also visited: Ossuary.

You collected 2310 gold pieces.
You spent 877 gold pieces at shops.

Inventory:

Hand Weapons
 a - a +9 quarterstaff of chaos (weapon)
 k - the +3 longbow of Qepsiuvergh {god gift, speed, rC+ Str-4 Int+6 Dex+3}
   (Okawaru gifted it to you on level 4 of the Spider Nest)

   Attacks with this weapon are significantly faster.
   It affects your strength (-4).
   It affects your intelligence (+6).
   It affects your dexterity (+3).
   It protects you from cold.
 q - a +4 blowgun
 s - a +1 scimitar of flaming
 w - the +6 longbow "Icushred" {god gift, flame, +Fly Int+2}
   (Okawaru gifted it to you on level 11 of the Dungeon)

   It causes projectiles fired from it to burn those they strike, causing extra
   injury to most foes and up to half again as much damage against particularly
   susceptible opponents.
   It affects your intelligence (+2).
   It lets you fly.
Missiles
 j - 47 bolts
 l - 731 arrows
 v - 3 curare-tipped needles
Armour
 i - the +1 troll leather armour of the Morning Star {god gift, rN+ Regen+ Int+3}
   (Okawaru gifted it to you on level 1 of the Vaults)

   It affects your intelligence (+3).
   It protects you from negative energy.
   It increases your rate of regeneration.
 t - a +1 ring mail of poison resistance
 u - a +2 cloak of invisibility (worn)
 A - the +0 Maxwell's etheric cage (worn) {god gift, RegenMP+ *Contam rElec MP+4}
   (Okawaru gifted it to you on level 4 of the Spider Nest)

   It insulates you from electricity.
   It affects your magic capacity (+4).
   It causes magical contamination when unequipped.
 B - the +6 chain mail of Ynant (worn) {+Blink rC- Dex+8 SInv}
   (You found it on level 5 of the Dungeon)

   It affects your dexterity (+8).
   It makes you vulnerable to cold.
   It lets you see invisible.
   It lets you blink.
 T - a +2 pair of gloves of strength (worn) {god gift}
Jewellery
 c - an uncursed ring of ice
 r - an amulet of harm (around neck)
 H - the ring "Ilaaginn" (left hand) {rElec rF+ MR+ Dex-4}
   (You took it off a crimson imp on level 7 of the Dungeon)

   [ring of protection from magic]

   It affects your dexterity (-4).
   It protects you from fire.
   It insulates you from electricity.
   It affects your resistance to hostile enchantments.
 K - the ring "Semybesu" (right hand) {EV+4 Str+5 Slay+3}
   (You took it off an orc priest on level 7 of the Dungeon)

   [ring of evasion]

   It affects your evasion (+4).
   It affects your strength (+5).
   It affects your accuracy and damage with ranged weapons and melee attacks
   (+3).
Wands
 f - a wand of acid (4)
 p - a wand of digging (5)
 I - a wand of polymorph (5)
 L - a wand of flame (11)
Scrolls
 b - 2 scrolls of magic mapping
 m - 20 scrolls of remove curse
 n - 7 scrolls of teleportation
 x - 2 scrolls of identify
 N - a scroll of fog
 P - 5 scrolls of blinking
 U - 5 scrolls of fear
Potions
 e - 2 potions of magic
 g - 4 potions of flight
 o - 5 potions of curing
 C - a potion of heal wounds
 D - 4 potions of cancellation
 J - a potion of resistance
 S - 8 potions of ambrosia
 V - 2 potions of haste
 Z - a potion of berserk rage
Miscellaneous
 h - a lightning rod (4/4)
 O - a lamp of fire (inert)
 X - a sack of spiders
Comestibles
 d - 56 rations


   Skills:
 * Level 16.2 Fighting
 * Level 14.9 Armour
 * Level 15.2 Dodging
 - Level 1.7 Stealth
 * Level 9.3 Spellcasting
 - Level 3.2 Conjurations
   Level 1.0 Summonings
 - Level 0.8 Translocations
 - Level 12.2 Invocations
 - Level 10.9 Evocations


You had 25 spell levels left.
You knew the following spells:

 Your Spells              Type           Power        Failure   Level  Hunger
a - Magic Dart            Conj           ###.         3%          1    None
b - Blink                 Tloc           N/A          13%         2    None
c - Conjure Flame         Conj/Fire      ###.....     19%         3    None
d - Mephitic Cloud        Conj/Pois/Air  ##......     24%         3    None
e - Apportation           Tloc           ##....       9%          1    None

Your spell library contained the following spells:

 Spells                   Type           Power        Failure   Level  Hunger
 Searing Ray              Conj           ###...       4%          2    None
 Summon Small Mammal      Summ           ##..         9%          1    None
 Call Imp                 Summ           ##......     12%         2    None
 Animate Skeleton         Necr           N/A          13%         1    None
 Confusing Touch          Hex            #.....       13%         1    None
 Sandblast                Erth           #.....       13%         1    None
 Corpse Rot               Necr           N/A          19%         2    None
 Ensorcelled Hibernation  Hex/Ice        #.....       19%         2    None
 Slow                     Hex            #.......     19%         2    None
 Sublimation of Blood     Necr           #.........   19%         2    None
 Dazzling Spray           Conj/Hex       ###...       19%         3    None
 Static Discharge         Conj/Air       ###.....     19%         3    None
 Stone Arrow              Conj/Erth      ###...       19%         3    None
 Gell's Gravitas          Tloc           ##........   26%         3    None
 Recall                   Summ/Tloc      N/A          26%         3    None
 Iskenderun's Mystic Bla  Conj           ###.....     32%         4    ##.....
 Confuse                  Hex            #.......     36%         3    None
 Ignite Poison            Fire/Tmut/Pois #.......     36%         3    None
 Force Lance              Conj/Tloc      ###.....     47%         4    ##.....
 Fulminant Prism          Conj/Hex       ###.......   54%         4    ##.....
 Summon Lightning Spire   Summ/Air       ##......     71%         4    ##.....
 Airstrike                Air            #.........   77%         4    ##.....
 Animate Dead             Necr           N/A          77%         4    ##.....
 Leda's Liquefaction      Hex/Erth       #.........   77%         4    ##.....
 Petrify                  Tmut/Erth      #.......     77%         4    ##.....
 Bolt of Draining         Conj/Necr      ###.......   87%         5    #####..
 Fireball                 Conj/Fire      ###.......   87%         5    #####..
 Lightning Bolt           Conj/Air       ###.......   87%         5    #####..
 Aura of Abjuration       Summ           ##........   92%         5    #####..
 Summon Demon             Summ           ##........   92%         5    #####..
 Summon Forest            Summ/Tloc      ##........   93%         5    #####..
 Summon Mana Viper        Hex/Summ       ##......     96%         5    #####..
 Agony                    Necr           #.......     98%         5    #####..
 Borgnjor's Vile Clutch   Necr/Erth      #.........   98%         5    #####..
 Dispel Undead            Necr           #.......     98%         5    #####..
 Excruciating Wounds      Chrm/Necr      #.........   98%         5    #####..
 Metabolic Englaciation   Hex/Ice        #.........   98%         5    #####..
 Silence                  Hex/Air        #.........   98%         5    #####..
 Yara's Violent Unravell  Hex/Tmut       #.........   98%         5    #####..
 Bolt of Fire             Conj/Fire      ###.......   100%        6    ######.
 Conjure Ball Lightning   Conj/Air       ###.......   100%        6    ######.
 Darkness                 Hex            #.........   100%        6    ######.
 Death Channel            Necr           #.........   100%        6    ######.
 Deflect Missiles         Chrm/Air       #.........   100%        6    ######.
 Shadow Creatures         Summ           N/A          100%        6    ######.
 Simulacrum               Ice/Necr       #.........   100%        6    ######.
 Ring of Flames           Chrm/Fire      #.........   100%        7    #######
 Ignition                 Fire           #.........   100%        8    #######
 Tornado                  Air            #.........   100%        9    #######


Dungeon Overview and Level Annotations

Branches:
Dungeon (15/15)            Temple (1/1) D:4            Lair (6/6) D:11
  Swamp (1/4) Lair:3       Spider (4/4) Lair:4        Slime (0/5) Lair:5
    Orc (2/2) D:10            Elf (0/3) Orc:2        Vaults (1/5) D:13
 Depths (0/5) D:15

Altars:
Ashenzari
Cheibriados
Dithmenos
Elyvilon
Fedhas
Gozag
Hepliaklqana
Kikubaaqudgha
Makhleb
Nemelex Xobeh
Okawaru
Qazlal
Ru
Sif Muna
Trog
Uskayaw
Vehumet
Wu Jian
Xom
Yredelemnul
Zin
The Shining One
Beogh
Jiyva

Shops:
D:7 =   Orc:2 [!}?

Portals:
Pandemonium: Orc:2


Innate Abilities, Weirdness & Mutations

You have hooves in place of feet.
You are mostly covered in sharp spines.
When hurt, damage is shared between your health and your magic reserves.
You regenerate magic rapidly.
When low on magic, you restore magic in place of health.
Your movements are significantly less encumbered by armour. (ER -6)
You are somewhat resistant to further mutation.


Message History

The frost giant is engulfed in blazing flames.
The frost giant points at you and mumbles some strange words.
The bolt of cold misses you.
The vault warden activates a sealing rune.
A door slams shut!
An orc opens the door.
The vault sentinel is engulfed in blazing flames.
You kill the vault sentinel!
Okawaru accepts your kill.
You hit the frost giant but do no damage.
You kick the frost giant!
The frost giant is heavily wounded.
The frost giant is engulfed in blazing flames.
The frost giant gestures at you while chanting.
The bolt of cold hits you!!!
You feel a terrible chill!
* * * LOW HITPOINT WARNING * * *
The yaktaur captain is engulfed in blazing flames.
The frost giant is engulfed in blazing flames.
The frost giant points at you and mumbles some strange words.
The bolt of cold hits you!!!
You feel a terrible chill!
You die...

..........# #. #........#
.. +........# ...
#........# ... .##+
#........######### #....
####...............#.
#.....#).#...............#.
'....opop###+#####.......#.
#.....#§cC@[.....##......#.
#...p #####)).....##.....#.
.##' ##.......##....## #.
##...>...##...#. # #......
##.†#. #....> ##.#. . #....
#.#. ..#########.#.
............#.


You could see a frost giant, a vault warden, a yaktaur captain, an orc knight,
an ironbrand convoker and an orc.

Vanquished Creatures
  Nikola (Spider:1)
  Rupert (D:15)
  A quicksilver dragon (Spider:4)
  Gastronok (D:8)
  Frances (D:14)
  Kirke (Lair:6)
  A deep elf sorcerer (Vaults:1)
  An orc warlord (Orc:2)
  3 ghost moths (Spider:4)
  3 emperor scorpions
  6 ironheart preservers (Vaults:1)
  7 entropy weavers
  3 spark wasps
  A dire elephant (Lair:6)
  2 deep elf annihilators (Vaults:1)
  Snorg (D:11)
  Josephine (Spider:1)
  A rakshasa (Vaults:1)
  Erolcha (D:13)
  9 hydras
  An anaconda (shapeshifter) (Spider:2)
  A catoblepas (D:14)
  Erica (Orc:1)
  A death knight (D:12)
  4 centaur warriors
  7 two-headed ogres
  5 ogre magi
  A queen ant (Spider:2)
  Urug (Lair:3)
  2 tengu warriors
  8 orc high priests
  A soul eater (Orc:2)
  6 deep elf knights (Vaults:1)
  A skeletal warrior (D:12)
  A torturous demonspawn (Orc:2)
  2 deep elf archers (Vaults:1)
  3 infernal demonspawn (Orc:2)
  4 ironbrand convokers (Vaults:1)
  2 unseen horrors
  6 orc knights
  20 ugly things
  15 orb spiders
  9 orc sorcerers
  26 wolf spiders
  A manticore (D:13)
  2 oklob plants (Lair:2)
  8 deep elf magi
  8 cyclopes
  6 moths of wrath
  9 elephants
  A salamander (shapeshifter) (D:15)
  Maurice (D:8)
  3 vault sentinels (Vaults:1)
  2 black mambas (Lair:6)
  2 torpor snails (Lair:3)
  2 orange demons (Orc:2)
  A gargoyle (D:14)
  A naga mage (D:15)
  A yaktaur (Vaults:1)
  10 spiny frogs
  6 komodo dragons
  18 demonic crawlers
  A redback zombie (D:15)
  2 rime drakes (Lair:6)
  2 freezing wraiths (D:12)
  A rime drake (shapeshifter) (Vaults:1)
  An efreet (D:13)
  2 ice devils (Orc:2)
  10 polar bears
  4 hornets
  A jumping spider (shapeshifter) (D:13)
  45 jumping spiders
  2 tengu conjurers
  12 blink frogs
  6 trolls
  3 raiju (Lair:6)
  A slime creature (Lair:3)
  11 hippogriffs
  A meliai zombie (D:12)
  2 dream sheep (D:9)
  6 wraiths
  A shadow (D:14)
  A centaur simulacrum (D:14)
  60 redbacks
  28 tarantellas
  4 wyverns
  3 vampires
  62 yaks
  6 hogs (Lair:6)
  A chaos spawn (Orc:2)
  10 vampire mosquitoes
  3 basilisks
  2 hungry ghosts
  A steam dragon (D:11)
  A neqoxec (Orc:2)
  Edmund (D:6)
  8 wargs
  18 water moccasins
  9 porcupines
  26 soldier ants
  An acid dragon (D:14)
  14 hell hounds (Lair:6)
  26 orc warriors
  6 ice beasts
  10 sky beasts
  12 black bears
  An eye of draining (D:15)
  A phantom (D:11)
  An eye of draining (shapeshifter) (Vaults:1)
  26 ogres
  2 necrophages
  16 wolves
  14 centaurs
  13 crocodiles
  9 big kobolds
  5 elf zombies (Ossuary)
  Blork the orc (D:4)
  28 bullfrogs
  A water moccasin zombie (D:7)
  5 scorpions
  16 killer bees
  6 wights
  2 vampire bats (D:15)
  6 howler monkeys
  2 electric eels
  2 human zombies (Ossuary)
  3 bullfrog zombies
  8 crimson imps
  2 quasits (D:12)
  8 hounds
  25 orc priests
  6 centaur skeletons
  3 jellies
  Crazy Yiuf (D:2)
  7 centaur zombies
  A bullfrog skeleton (D:9)
  A gnoll shaman (D:4)
  An iguana (D:5)
  12 orc wizards
  4 hell rats (Lair:3)
  34 worker ants
  2 hound skeletons
  4 mummies
  3 worker ant zombies
  10 gnolls
  2 howler monkey skeletons
  14 adders
  5 shadow imps
  3 oozes
  An adder skeleton (D:6)
  3 adder zombies
  2 dart slugs
  8 leopard geckos
  80 orcs
  11 bats
  3 giant cockroaches
  10 goblins
  7 hobgoblins
  7 jackals
  28 kobolds
  8 quokkas
  A ball python skeleton (D:4)
  A ball python zombie (D:5)
  6 frilled lizards
  A leopard gecko zombie (D:9)
  A quokka skeleton (D:4)
  A quokka zombie (D:8)
  10 rats
  2 fungi
  5 plants
1195 creatures vanquished.

Vanquished Creatures (collateral kills)
  An entropy weaver (Spider:4)
  A wolf spider (Spider:4)
  A redback (Spider:3)
  A vampire mosquito (D:15)
4 creatures vanquished.

Vanquished Creatures (others)
  A wolf spider (Spider:4)
  A jumping spider (Spider:4)
  A redback (Spider:4)
  A human (Lair:6)
  A water moccasin (D:11)
  3 orcs (Orc:1)
  A kobold (D:3)
  A bush (Lair:6)
  A fire vortex (D:14)
  13 fungi
  21 plants
45 creatures vanquished.

Grand Total: 1244 creatures vanquished

Notes
Turn   | Place    | Note
-------+----------+-------------------------------------------
     0 | D:1      | Chiseanne the Demonspawn Wizard began the quest for the
                  | Orb.
     0 | D:1      | Reached XP level 1. HP: 13/13 MP: 4/4
     2 | D:1      | Noticed a minotaur
     2 | D:1      | Noticed a felid
     4 | D:1      | Noticed a dwarf
     5 | D:1      | Noticed a naga
     6 | D:1      | Noticed a vampire
     7 | D:1      | Noticed a centaur
     8 | D:1      | Noticed a spriggan
    10 | D:1      | Noticed a centaur
    10 | D:1      | Noticed a vampire
    12 | D:1      | Noticed a spriggan
    14 | D:1      | Noticed a formicid
    14 | D:1      | Noticed a spriggan
    14 | D:1      | Noticed a draconian
    18 | D:1      | Noticed a troll
    20 | D:1      | Noticed a naga
   768 | D:1      | Gained mutation: You are partially covered in sharp spines.
                  | [demonic ancestry]
   768 | D:1      | Reached XP level 2. HP: 11/20 MP: 0/6
  1233 | D:1      | Reached skill level 1 in Fighting
  1425 | D:2      | Reached XP level 3. HP: 26/26 MP: 0/7
  1958 | D:2      | Found a runed translucent door.
  1959 | D:2      | Noticed Crazy Yiuf
  1979 | D:2      | Gained mutation: You have large cloven feet. [demonic
                  | ancestry]
  1979 | D:2      | Reached XP level 4. HP: 10/32 MP: 3/9
  2448 | D:2      | Killed Crazy Yiuf
  2901 | D:3      | Learned a level 2 spell: Blink
  2905 | D:3      | Learned a level 3 spell: Conjure Flame
  2909 | D:3      | Learned a level 3 spell: Mephitic Cloud
  2977 | D:3      | Found an ornate altar of the Wu Jian Council.
  2997 | D:3      | Found a white marble altar of Elyvilon.
  3070 | D:3      | Reached skill level 2 in Fighting
  3097 | D:3      | Gained mutation: You are mostly covered in sharp spines.
                  | [demonic ancestry]
  3097 | D:3      | Reached XP level 5. HP: 38/38 MP: 4/10
  4059 | D:4      | Gained mutation: Your movements are slightly less
                  | encumbered by armour. (ER -2) [demonic ancestry]
  4059 | D:4      | Reached XP level 6. HP: 25/46 MP: 0/12
  4485 | D:4      | Noticed Blork the orc
  4493 | D:4      | Killed Blork the orc
  4493 | D:4      | Reached skill level 3 in Fighting
  4718 | D:4      | Got a twisted chain mail
  4731 | D:4      | Identified the +3 chain mail of Context {+Fly rElec Str-5
                  | Int+6} (You found it on level 4 of the Dungeon)
  4767 | D:4      | Reached skill level 1 in Armour
  4783 | D:4      | Got a thick robe
  4830 | D:4      | Identified the +2 robe of Ossocun {rElec rC+++ Int-5 Dex-3}
                  | (You found it on level 4 of the Dungeon)
  4923 | D:4      | Found a staircase to the Ecumenical Temple.
  4938 | Temple   | Entered the Ecumenical Temple
  4990 | Temple   | Became a worshipper of Warmaster Okawaru
  5211 | D:5      | Entered Level 5 of the Dungeon
  5370 | D:5      | Found a burning altar of Makhleb.
  5371 | D:5      | Found a radiant altar of Vehumet.
  5373 | D:5      | Reached skill level 1 in Evocations
  5386 | D:5      | Found a shadowy altar of Dithmenos.
  5423 | D:5      | Got a polished chain mail
  5440 | D:5      | Identified the +6 chain mail of Ynant {+Blink rC- Dex+8
                  | SInv} (You found it on level 5 of the Dungeon)
  5575 | D:5      | Gained mutation: You have hoof-like feet. [demonic
                  | ancestry]
  5575 | D:5      | Reached XP level 7. HP: 47/52 MP: 13/13
  5858 | D:5      | Reached * piety under Okawaru
  5858 | D:5      | Reached skill level 4 in Fighting
  6085 | D:5      | Reached XP level 8. HP: 61/61 MP: 14/14
  6207 | D:5      | HP: 2/61 [wyvern (15)]
  6208 | D:5      | Reached ** piety under Okawaru
  6208 | D:5      | Reached skill level 5 in Fighting
  6208 | D:5      | Reached skill level 5 in Dodging
  6881 | D:6      | Found a glowing golden altar of the Shining One.
  7002 | D:6      | Noticed Edmund
  7011 | D:6      | Killed Edmund
  7066 | D:6      | Found a bloodstained altar of Trog.
  7306 | D:7      | Found a shadowy altar of Dithmenos.
  7316 | D:7      | Gained mutation: When hurt, damage is shared between your
                  | health and your magic reserves. [demonic ancestry]
  7316 | D:7      | Reached XP level 9. HP: 63/69 MP: 15/15
  7436 | D:7      | Found a burning altar of Makhleb.
  7442 | D:7      | Reached *** piety under Okawaru
  7491 | D:7      | Reached skill level 6 in Fighting
  7539 | D:7      | Reached skill level 5 in Evocations
  7601 | D:7      | Identified the ring "Ogeifafa" {MR+ Str+3}
  7619 | D:7      | Identified the ring "Ilaaginn" {rElec rF+ MR+ Dex-4}
  7623 | D:7      | Noticed a red ugly thing
  7625 | D:7      | Identified the ring "Semybesu" {EV+4 Str+5 Slay+3}
  7626 | D:7      | Reached skill level 5 in Armour
  7631 | D:7      | HP: 3/70 [red ugly thing (18)]
  8208 | D:7      | Found Urumuiw's Jewellery Boutique.
  8231 | D:7      | Found an opulent altar of Gozag.
  8650 | D:7      | Killed a red ugly thing
  8650 | D:7      | Reached **** piety under Okawaru
  8677 | D:7      | Reached skill level 7 in Fighting
  8695 | D:7      | Noticed a komodo dragon
  8704 | D:7      | Killed a komodo dragon
  8704 | D:7      | Reached XP level 10. HP: 37/79 MP: 4/16
  8904 | D:7      | Got a pitted garnet amulet
  9018 | D:8      | Found a sparkling altar of Nemelex Xobeh.
  9072 | D:8      | Identified the amulet of Zimaunus {Faith rF+} (You found it
                  | on level 7 of the Dungeon)
  9197 | D:8      | Found a sand-covered staircase.
  9206 | Ossuary  | Entered an ossuary
  9511 | D:8      | Noticed Gastronok
  9530 | D:8      | Killed Gastronok
  9530 | D:8      | Reached ***** piety under Okawaru
  9530 | D:8      | Reached skill level 8 in Fighting
  9665 | D:8      | Noticed Maurice
  9671 | D:8      | Killed Maurice
  9710 | D:8      | Found an ancient bone altar of Kikubaaqudgha.
  9735 | D:8      | Found an iron altar of Okawaru.
  9841 | D:8      | Found a sacrificial altar of Ru.
 10025 | D:9      | Gained mutation: Your movements are less encumbered by
                  | armour. (ER -4) [demonic ancestry]
 10025 | D:9      | Reached XP level 11. HP: 87/87 MP: 17/17
 10173 | D:9      | Received a gift from Okawaru
 10473 | D:9      | Found a snail-covered altar of Cheibriados.
 10726 | D:9      | Noticed a three-headed hydra
 10736 | D:9      | Killed a three-headed hydra
 10759 | D:9      | Reached skill level 9 in Fighting
 10909 | D:10     | Entered Level 10 of the Dungeon
 10922 | D:10     | Noticed a red ugly thing
 10930 | D:10     | Killed a red ugly thing
 11142 | D:10     | Found a staircase to the Orcish Mines.
 11267 | D:10     | Got a pair of crude boots
 11279 | D:10     | Identified the +1 pair of boots of Follow the Leader {+Fly
                  | rF+} (You found it on level 10 of the Dungeon)
 11509 | Orc:1    | Entered Level 1 of the Orcish Mines
 11515 | Orc:1    | Noticed Erica
 11523 | Orc:1    | Killed Erica
 11569 | Orc:2    | Entered Level 2 of the Orcish Mines
 11776 | Orc:1    | Received a gift from Okawaru
 11784 | Orc:1    | Found a roughly hewn altar of Beogh.
 11998 | Orc:2    | Found a staircase to the Elven Halls.
 12023 | Orc:2    | Noticed an orc sorcerer
 12031 | Orc:2    | Noticed a sixfirhy
 12033 | Orc:2    | Killed an orc sorcerer
 12278 | Orc:2    | Noticed an orc knight
 12317 | Orc:2    | Killed an orc knight
 12319 | Orc:2    | Gained mutation: You regenerate magic rapidly. [demonic
                  | ancestry]
 12319 | Orc:2    | Reached XP level 12. HP: 34/97 MP: 7/18
 12869 | Orc:2    | Found Moca Eqa's Magic Scroll Shoppe.
 13107 | Orc:2    | Reached skill level 10 in Fighting
 13266 | Orc:2    | Found Beffizuc's Distillery.
 13719 | Orc:2    | Bought a scroll of identify for 34 gold pieces
 13719 | Orc:2    | Bought 2 scrolls of identify for 68 gold pieces
 13719 | Orc:2    | Bought a scroll of identify for 34 gold pieces
 13719 | Orc:2    | Bought a scroll of identify for 34 gold pieces
 13719 | Orc:2    | Bought a scroll of fear for 59 gold pieces
 13719 | Orc:2    | Bought a scroll of teleportation for 51 gold pieces
 13719 | Orc:2    | Bought a scroll of teleportation for 51 gold pieces
 13724 | Orc:2    | Bought a potion of ambrosia for 112 gold pieces
 13724 | Orc:2    | Bought a potion of cancellation for 112 gold pieces
 13724 | Orc:2    | Bought a potion of heal wounds for 70 gold pieces
 13724 | Orc:2    | Bought a potion of curing for 42 gold pieces
 13724 | Orc:2    | Bought a potion of curing for 42 gold pieces
 13724 | Orc:2    | Bought a potion of agility for 56 gold pieces
 13724 | Orc:2    | Bought a potion of ambrosia for 112 gold pieces
 13740 | Orc:2    | Gained mutation: You are somewhat resistant to further
                  | mutation. [a neqoxec]
 13799 | Orc:2    | Noticed an orc high priest
 14218 | Orc:2    | Killed an orc high priest
 14407 | Orc:2    | Noticed an orc high priest
 14430 | Orc:2    | Killed an orc high priest
 14430 | Orc:2    | Reached skill level 10 in Evocations
 14434 | Orc:2    | Reached skill level 10 in Dodging
 14442 | Orc:2    | Noticed an orc high priest
 14447 | Orc:2    | Noticed an orc high priest
 14449 | Orc:2    | Noticed an orc high priest
 14456 | Orc:2    | Noticed an orc high priest
 14460 | Orc:2    | Killed an orc high priest
 14468 | Orc:2    | Killed an orc high priest
 14468 | Orc:2    | Received a gift from Okawaru
 14915 | Orc:2    | Killed an orc high priest
 14931 | Orc:2    | Reached skill level 11 in Fighting
 14941 | Orc:2    | Killed an orc high priest
 14943 | Orc:2    | Found Cack's Antique Armour Boutique.
 14943 | Orc:2    | Found Aqibekh's Gadget Shop.
 14943 | Orc:2    | Found a one-way gate leading to the halls of Pandemonium.
 14948 | Orc:2    | Reached XP level 13. HP: 106/106 MP: 20/20
 15061 | Orc:1    | Noticed an orc warlord
 15077 | Orc:2    | HP: 4/106 [orc warlord/+0 battleaxe of electrocution (17)]
 15484 | Orc:2    | Killed an orc warlord
 15528 | Orc:1    | Reached skill level 10 in Armour
 15979 | D:11     | You fall through a shaft for 2 floors!
 15985 | D:13     | Reached skill level 1 in Invocations
 16106 | D:11     | Reached ****** piety under Okawaru
 16168 | D:11     | Received a gift from Okawaru
 16172 | D:11     | Got an ancient longbow {god gift}
 16179 | D:11     | Noticed Snorg
 16187 | D:11     | Killed Snorg
 16261 | D:11     | Identified the +6 longbow "Icushred" {god gift, flame, +Fly
                  | Int+2} (Okawaru gifted it to you on level 11 of the
                  | Dungeon)
 16428 | D:11     | Found a staircase to the Lair.
 17224 | D:12     | Reached skill level 5 in Invocations
 17274 | D:12     | Reached skill level 12 in Fighting
 17681 | D:13     | Identified Sif Muna's Almanac of the Ashen Birds
 17745 | D:13     | Found a gate to the Vaults.
 17797 | D:13     | Received a gift from Okawaru
 17797 | D:13     | Gained mutation: You have hooves in place of feet. [demonic
                  | ancestry]
 17797 | D:13     | Reached XP level 14. HP: 105/115 MP: 22/22
 17974 | D:13     | Noticed Erolcha
 17979 | D:13     | Killed Erolcha
 18524 | D:14     | Noticed Frances
 18538 | D:14     | Killed Frances
 19125 | D:15     | Entered Level 15 of the Dungeon
 19127 | D:15     | Noticed Rupert
 19136 | D:15     | Killed Rupert
 19270 | D:15     | Received a gift from Okawaru
 19273 | D:15     | Got a pair of ancient gloves {god gift}
 19275 | D:15     | Identified the +3 pair of gloves of the Stallion {god gift,
                  | -Cast +Blink rF+++ SInv} (Okawaru gifted it to you on level
                  | 15 of the Dungeon)
 19292 | D:15     | Reached skill level 13 in Fighting
 19748 | D:15     | Found a staircase to the Depths.
 20045 | D:15     | Reached XP level 15. HP: 96/124 MP: 17/23
 20247 | Lair:1   | Entered Level 1 of the Lair of Beasts
 20366 | Lair:1   | You fall through a shaft!
 20664 | Lair:2   | Reached skill level 10 in Invocations
 20933 | Lair:2   | Got an ancient cloak
 20952 | Lair:2   | Identified the +3 cloak of Inviolability {*Slow Int+7
                  | Dex+3} (You found it on level 2 of the Lair of Beasts)
 22011 | Lair:3   | Noticed Urug
 22025 | Lair:3   | Killed Urug
 22138 | Lair:3   | Received a gift from Okawaru
 22323 | Lair:3   | Found a staircase to the Swamp.
 23031 | Lair:4   | Found a hole to the Spider Nest.
 23566 | Lair:5   | Identified 2 scrolls of acquirement
 23569 | Lair:5   | Got a pair of ancient gloves
 23581 | Lair:5   | Identified the +0 pair of gloves of the Skies Above
                  | {Regen+} (You acquired it on level 5 of the Lair of Beasts)
 23790 | Lair:5   | Found a staircase to the Slime Pits.
 23790 | Lair:5   | Found a viscous altar of Jiyva.
 24179 | Lair:6   | Entered Level 6 of the Lair of Beasts
 24444 | Lair:6   | Noticed Kirke
 24451 | Lair:6   | Reached skill level 14 in Fighting
 24459 | Lair:6   | Killed Kirke
 24459 | Lair:6   | Received a gift from Okawaru
 24788 | Lair:6   | Received a gift from Okawaru
 24796 | Lair:6   | Identified the Catalogue of the Earthen Birds
 25185 | Lair:6   | Gained mutation: Your movements are significantly less
                  | encumbered by armour. (ER -6) [demonic ancestry]
 25185 | Lair:6   | Reached XP level 16. HP: 133/133 MP: 25/25
 25673 | Lair:6   | Learned a level 1 spell: Apportation
 25673 | Lair:6   | Upgraded the game from 0.23-b1-67-g8bd44de8e4 to 0.23.0
 25673 | Lair:6   | Upgraded the game from 0.23.0 to 0.23.0-2-g0fe3ce5905
 25726 | Spider:1 | Entered Level 1 of the Spider Nest
 26337 | Spider:1 | Noticed Josephine
 26343 | Spider:1 | Killed Josephine
 26417 | Spider:1 | Noticed Nikola
 26428 | Spider:1 | Killed Nikola
 26428 | Spider:1 | Reached skill level 5 in Spellcasting
 26494 | Spider:2 | You fall through a shaft!
 27131 | Spider:1 | Received a gift from Okawaru
 27408 | Spider:2 | Received a gift from Okawaru
 27802 | Spider:2 | Reached skill level 15 in Fighting
 29285 | Spider:3 | Reached XP level 17. HP: 131/142 MP: 27/27
 29539 | Spider:4 | Entered Level 4 of the Spider Nest
 29587 | Spider:4 | Noticed Arachne
 29612 | Spider:4 | Received a gift from Okawaru
 29613 | Spider:4 | Got a dazzling longbow {god gift}
 29681 | Spider:4 | Noticed Arachne
 29681 | Spider:4 | Arachne changed into Arachne the quicksilver dragon
 29688 | Spider:4 | Killed Arachne the quicksilver dragon
 29688 | Spider:4 | Received a gift from Okawaru
 29689 | Spider:4 | Found the +0 Maxwell's etheric cage {god gift, RegenMP+
                  | *Contam rElec MP+4}
 30433 | Spider:4 | Got a gossamer rune of Zot
 30659 | Swamp:1  | Entered Level 1 of the Swamp
 31021 | Vaults:1 | Entered Level 1 of the Vaults
 31589 | Vaults:1 | Reached skill level 15 in Dodging
 31592 | Vaults:1 | Reached skill level 16 in Fighting
 31809 | Vaults:1 | Received a gift from Okawaru
 31816 | Vaults:1 | Got a dazzling troll leather armour {god gift}
 31924 | Vaults:1 | Identified the +1 troll leather armour of the Morning Star
                  | {god gift, rN+ Regen+ Int+3} (Okawaru gifted it to you on
                  | level 1 of the Vaults)
 31925 | Vaults:1 | Identified the +3 longbow of Qepsiuvergh {god gift, speed,
                  | rC+ Str-4 Int+6 Dex+3} (Okawaru gifted it to you on level 4
                  | of the Spider Nest)
 32076 | Vaults:1 | Gained mutation: When low on magic, you restore magic in
                  | place of health. [demonic ancestry]
 32076 | Vaults:1 | Reached XP level 18. HP: 145/151 MP: 31/31
 32240 | Vaults:1 | Killed from afar by a frost giant

Skill      XL: |  1  2  3  4  5  6  7  8  9 10 11 12 13 14 15 16 17 |
---------------+----------------------------------------------------+-----
Dodging        | 2 3 4 5 6 8 9 10 11 12 13 14 15 | 15.2
Fighting       | 1 2 3 4 5 7 8 9 11 12 13 14 15 16 | 16.2
Conjurations   | 2 3 |  3.2
Spellcasting   | 4 6 9 |  9.3
Armour         | 1 2 4 5 7 8 9 10 12 13 14 | 14.9
Evocations     | 1 2 4 6 7 9 10 | 10.9
Invocations    | 6 9 12 | 12.2
Stealth        | |  1.7
Summonings     | |  1.0
Translocations | |  0.8

Action                   |  1- 3 |  4- 6 |  7- 9 | 10-12 | 13-15 | 16-18 || total
-------------------------+-------+-------+-------+-------+-------+-------++-------
Melee: Club              |    20 |       |       |       |       |       ||    20
       Short sword       |    13 |     3 |       |       |       |       ||    16
       Quarterstaff      |       |    87 |   184 |   431 |   887 |   637 ||  2226
       Kick              |       |       |       |       |   272 |   264 ||   536
 Fire: Blowgun           |       |       |     4 |       |       |     4 ||     8
       Longbow           |       |       |       |       |     4 |    45 ||    49
Throw: Javelin           |       |       |       |    21 |     7 |       ||    28
       Tomahawk          |       |       |       |    11 |     1 |       ||    12
 Cast: Magic Dart        |    66 |    65 |    22 |    22 |       |     1 ||   176
Invok: Heroism           |       |       |     2 |     8 |    33 |     1 ||    44
       Finesse           |       |       |       |       |     2 |       ||     2
 Abil: Evoke Invisibilit |       |       |       |     3 |     8 |     1 ||    12
Evoke: Wand              |       |       |       |     3 |    10 |    31 ||    44
       Lightning rod     |       |       |       |       |       |     3 ||     3
       Lamp of fire      |       |       |       |       |       |     3 ||     3
  Use: Scroll            |       |     8 |     6 |    17 |    14 |    13 ||    58
       Potion            |       |     3 |     1 |    10 |     3 |     9 ||    26
 Stab: Sleeping          |       |     4 |       |       |       |       ||     4
       Paralysed         |       |       |     1 |     6 |    15 |    13 ||    35
       Invisible         |       |       |       |     7 |     8 |     5 ||    20
       Confused          |       |       |       |     1 |     1 |     3 ||     5
       Petrified         |       |       |       |       |     6 |       ||     6
       Petrifying        |       |       |       |       |     1 |     1 ||     2
  Eat: Chunk             |     3 |    11 |    10 |    10 |    29 |     2 ||    65
       Ration            |       |       |       |     4 |     2 |     7 ||    13
Armor: Robe              |     6 |    12 |     2 |       |       |       ||    20
       Chain mail        |       |     8 |   141 |   176 |   388 |   411 ||  1124
       Scale mail        |       |     7 |       |       |       |       ||     7
Dodge: Dodged            |    33 |    67 |   107 |   499 |  1369 |  1195 ||  3270
